 Dungeon Crawl Stone Soup version 0.17-a0-986-gf45d1aa (webtiles) character file.

77 Gruud the Poker (level 4, -2/33 HPs)
             Began as a Demonspawn Gladiator on May 11, 2015.
             Slain by an orc wizard
             ... wielding a +0 dagger
              (4 damage)
             ... on level 3 of the Dungeon.
             The game lasted 00:07:17 (1310 turns).

Gruud the Poker (Demonspawn Gladiator)              Turns: 1310, Time: 00:07:17

Health: -2/33      AC:  4    Str: 15    XL:     4   Next: 13%
Magic:  4/4        EV: 10    Int:  9    God:
Gold:   29         SH:  8    Dex: 17    Spells: 0 memorised, 3 levels left

rFire  . . .     SeeInvis .     a - +0 trident
rCold  . . .     Clarity  .     n - +0 leather armour
rNeg   . . .     SustAb   .     k - +0 shield
rPois  .         Gourm    .     (helmet restricted)
rElec  .         Spirit   .     (no cloak)
rCorr  .         Warding  .     f - +0 pair of gloves
rMut   .         Stasis   .     (no boots)
MR     .....                    (no amulet)
Stlth  +++.......               (no ring)
                                h - ring of wizardry

@: not resistant to hostile enchantments, fairly stealthy
A: antennae 1, thin skeletal structure 1, nightstalker 1
a: no special abilities


You were on level 3 of the Dungeon.
You were hungry.

You visited 1 branch of the dungeon, and saw 3 of its levels.

You collected 29 gold pieces.

Inventory:

Hand weapons
 a - a +0 trident (weapon)
 b - a +0 hunting sling
 v - a +0 dagger
Missiles
 d - 3 throwing nets (quivered)
 o - 65 stones
 q - 23 sling bullets
 r - 7 needles of slowing
 u - 15 poisoned needles
Armour
 f - a +0 pair of gloves (worn)
 k - a +0 shield (worn)
 n - a +0 leather armour (worn)
Jewellery
 h - a ring of wizardry (left hand)
Scrolls
 p - a scroll of remove curse
 s - a scroll of amnesia {unknown}
Potions
 c - a potion of resistance {unknown}
 j - a potion of heal wounds
 l - a potion of curing {unknown}
 m - a potion of poison {unknown}
Comestibles
 e - a bread ration
 i - a beef jerky
 t - 4 fruits


   Skills:
 - Level 2.0 Fighting
 * Level 4.3 Polearms
 - Level 1.7 Throwing
 - Level 2.6 Dodging
 + Level 1.0 Shields


You had 3 spell levels left.
You didn't know any spells.

Dungeon Overview and Level Annotations

Branches:
Dungeon (3/15)

Altars:


Innate Abilities, Weirdness & Mutations

You have a pair of small antennae on your head.
You have a somewhat thin skeletal structure (Dex +2, Stealth).
You are slightly more attuned to the shadows.


Message History

The puff of flame hits you!
You hit the orc priest but do no damage.
The orc priest is lightly wounded.
The orc wizard hits you but does no damage.
The orc priest calls down the wrath of Beogh upon you.
Something smites you! The orc hits you but does no damage.
You closely miss the orc priest.
The orc priest is lightly wounded.
You block the orc wizard's attack.
The orc priest hits you with an enchanted war axe!
The orc closely misses you.
You barely miss the orc priest.
The orc priest is lightly wounded.
The orc wizard casts a spell.
The orc wizard flickers and vanishes!
Deactivating autopickup; reactivate with Ctrl-A.
The orc priest hits you with an enchanted war axe!
* * * LOW HITPOINT WARNING * * *
You block the orc's attack. Something hits you.
You die...

#.#####.#....# #.#
##.####.# #.#
#...###.# ...
#.....# #..##
#...##..# #..# ##.#
#..# .... ... #..#
#..# #######..###.#
#o.###..((o@{.....#
#o.....#####o.#####
..!...........#
#.##########.## #
#.# #.# #.# ..# ##


You could see an orc priest and an orc.

Vanquished Creatures
  Ijyb (D:2)
  3 worms (D:2)
  4 bats
  2 giant cockroaches
  5 goblins
  6 hobgoblins
  4 jackals (D:2)
  8 kobolds
  5 rats
38 creatures vanquished.

Notes
Turn   | Place    | Note
--------------------------------------------------------------
     0 | D:1      | Gruud the Demonspawn Gladiator began the quest for the Orb.
     0 | D:1      | Reached XP level 1. HP: 16/16 MP: 1/1
   177 | D:1      | Reached skill level 3 in Polearms
   238 | D:1      | Gained mutation: You have a pair of small antennae on your head. [demonic ancestry]
   238 | D:1      | Reached XP level 2. HP: 22/22 MP: 2/2
   515 | D:2      | Noticed Ijyb
   526 | D:2      | Killed Ijyb
   526 | D:2      | Reached skill level 4 in Polearms
   526 | D:2      | Gained mutation: You are slightly more attuned to the shadows. [demonic ancestry]
   526 | D:2      | Reached XP level 3. HP: 23/27 MP: 3/3
   882 | D:2      | Gained mutation: You have a somewhat thin skeletal structure (Dex +2, Stealth). [demonic ancestry]
   882 | D:2      | Reached XP level 4. HP: 33/33 MP: 4/4
   897 | D:2      | Superstealth - Swap to daggers?
   987 | D:1      | Don't have a way to force stabs, so just keep the stealth as a bonus i guess
  1133 | D:2      | Reached skill level 1 in Shields
  1310 | D:3      | Slain by an orc wizard

Vault maps used:
D:1:      nicolae_arrival_washed_ashore
D:2:      uniq_iyjb
D:3:      grunt_temple_overflow_octagram

Action                   |  1- 3 |  4- 6 || total
-------------------------+-------+-------++-------
Melee: Trident           |   121 |    24 ||   145
  Use: Scroll            |       |     1 ||     1
       Potion            |       |     1 ||     1
 Stab: Sleeping          |     1 |     2 ||     3
  Eat: Chunk             |       |     1 ||     1
